Map: Cyber Forest LE

Players

RiSky

  • Race: Zerg Zerg
  • Spawn Location: 5:00

A.I. 2 (Very Easy) - Winner!

  • Race: Zerg Zerg
  • Spawn Location: 11:00

VOD

Have the link to the VOD?

Description

Time

  • Played on: Aug. 16, 2019, 6:02 p.m.
  • Length: 7:25
Show
View Real Time Build Order
Export as new Build Order

RiSky Zerg 

Build Orders: Hatch First 

Get SALT Encoding   

  12  0:00  Drone  
  13  0:12  Overlord  
  13  0:17  Drone  
  14  0:30  Drone x2  
  16  0:48  Hatchery  
  15  0:51  Drone  
  15  0:54  Drone  
  17  0:59  Drone  
  18  1:09  Extractor  
  17  1:14  Spawning Pool  
  17  1:17  Drone  
  17  1:20  Drone  
  18  1:28  Drone  
  19  1:39  Drone  
  20  1:49  Overlord  
  20  2:01  Queen x2  
  20  2:02  Drone x2  
  26  2:11  Drone x2  
  28  2:21  Drone  
  28  2:22  Drone  
  30  2:26  Evolution Chamber  
  29  2:33  Drone x2  
  31  2:37  Queen  
  31  2:40  Lair  
  33  2:45  Overlord  
  33  2:52  Drone, Zerg Missile Weapons Level 1  
  33  2:55  Drone  
  33  2:57  Drone  
  36  3:05  Drone x2  
  38  3:11  Drone x4  
  42  3:15  Drone x2  
  44  3:21  Roach Warren  
  44  3:24  Overlord  
  43  3:30  Drone  
  43  3:32  Extractor  
  43  3:33  Extractor  
  43  3:34  Drone x2  
  44  3:47  Drone x2, Overlord  
  46  3:49  Drone x4  
  50  3:56  Drone  
  50  4:00  Glial Reconstitution  
  51  4:10  Roach x3  
  51  4:13  Hatchery  
  51  4:15  Overlord  
  56  4:18  Overseer  
  56  4:22  Roach x2  
  60  4:25  Overseer  
  60  4:26  Overlord  
  60  4:35  Roach x3  
  60  4:37  Roach  
  68  4:41  Overlord  
  68  4:42  Overlord  
  68  4:47  Zerg Missile Weapons Level 2  
  68  4:48  Evolution Chamber  
  67  4:54  Roach x2  
  67  4:59  Roach  
  75  5:00  Roach  
  75  5:02  Drone  
  75  5:05  Drone x2  
  75  5:06  Drone  
  79  5:09  Drone x3  
  79  5:11  Drone  
  83  5:20  Overlord  
  83  5:21  Zerg Ground Armor Level 1  
  83  5:24  Drone x3  
  86  5:29  Drone x3  
  86  5:31  Extractor  
  88  5:38  Roach x3  
  88  5:40  Roach  
  88  5:42  Roach  
  98  5:43  Roach  
  98  5:46  Overlord  
  98  5:48  Roach  
  102  5:52  Roach  
  102  5:55  Overlord x2  
  104  5:57  Roach  
  106  6:05  Roach  
  106  6:06  Roach x3  
  106  6:07  Overlord  
  114  6:12  Overlord  
  114  6:13  Roach x2  
  114  6:15  Roach  
  120  6:29  Roach x6  
  120  6:30  Roach x2  
  136  6:33  Queen  
  136  6:37  Roach x2  
  140  6:42  Roach  
  142  6:47  Overlord x2  
  142  6:54  Roach  
  142  6:55  Roach  
Show
View Real Time Build Order
Export as new Build Order

A.I. 2 (Very Easy) Zerg - Winner!

Build Orders: Pool First 

Get SALT Encoding   

  12  0:00  Drone  
  13  0:12  Overlord  
  13  0:16  Drone  
  14  0:36  Spawning Pool  
  14  0:37  Extractor  
  14  0:39  Drone  
  13  0:47  Drone  
  14  0:53  Overlord  
  14  1:24  Queen, Zergling x2  
  17  1:33  Roach Warren  
  17  1:35  Extractor  
  17  1:39  Drone  
  16  1:43  Zergling x2  
  16  1:46  Drone  
  18  2:01  Drone  
  19  2:02  Zergling x2  
  20  2:11  Drone  
  21  2:22  Drone  
  22  2:30  Drone  
  22  2:32  Overlord  
  23  2:38  Drone  
  24  2:45  Drone  
  25  5:55  Drone, Overlord, Roach  
  25  5:56  Lair  
  28  6:02  Drone  
  29  6:09  Drone  
  30  6:17  Drone  
  31  6:24  Drone  
  31  6:38  Roach  
  31  6:53  Overseer  
  31  6:56  Overseer  
  33  7:23  Hatchery  
Tags
 
Add a new tag
Caveats
  • Supply blocks, unpowered buildings, or Contaminate may cause inaccurate times.
  • Supply counts are checked every 10 seconds.